 Dungeon Crawl Stone Soup version 0.25-a0-577-ga4619f409e (webtiles) character file.

Game seed: 3706143829381685698, levelgen mode: deterministic

603 kae the Sneak (level 7, -3/46 HPs)
             Began as a Vampire Enchanter on Mar 2, 2020.
             Was an Initiate of Dithmenos.
             Slain by a hippogriff (7 damage)
             ... on level 5 of the Dungeon.
             The game lasted 00:04:59 (4531 turns).

kae the Sneak (Vampire Enchanter)                   Turns: 4531, Time: 00:05:00

Health: -3/46      AC:  3    Str:  9    XL:     7   Next: 18%
Magic:  9/12       EV: 12    Int: 18    God:    Dithmenos [......]
Gold:   120        SH:  0    Dex: 14    Spells: 4/13 levels left

rFire    . . .     SeeInvis +   m - +5 dagger (drain)
rCold    . . .     Gourm    .   (no shield)
rNeg     . . .     Faith    .   b - +1 robe
rPois    .         Spirit   .   (no helmet)
rElec    .         Reflect  .   (no cloak)
rCorr    .         Harm     .   (no gloves)
MR       +....                  (no boots)
Stlth    +++.......             (no amulet)
HPRegen  0.35/turn              o - ring of protection from magic
MPRegen  0.13/turn              (no ring)

@: regenerating quickly
A: no food, fangs 3, see invisible, unbreathing
a: Exsanguinate, Renounce Religion


You were on level 5 of the Dungeon.
You worshipped Dithmenos.
Dithmenos was noncommittal.
You were alive.

You visited 1 branch of the dungeon, and saw 5 of its levels.

You collected 120 gold pieces.

Inventory:

Hand Weapons
 a - a +1 dagger
 m - a +5 dagger of draining (weapon)
Armour
 b - a +1 robe (worn)
Jewellery
 o - a ring of protection from magic (left hand)
Wands
 i - a wand of digging (3)
Scrolls
 j - 2 scrolls of remove curse
 p - a scroll of enchant armour
Potions
 d - a potion of heal wounds
 e - a potion of haste
 f - a potion of lignification
 h - a potion of berserk rage
 l - 2 potions of mutation {unknown}
 n - a potion of magic {unknown}


   Skills:
 * Level 5.3 Short Blades
 - Level 2.1 Dodging
 + Level 6.9 Stealth
 + Level 3.6 Spellcasting
 + Level 6.6 Hexes


You had 4 spell levels left.
You knew the following spells:

 Your Spells              Type           Power        Failure   Level  Hunger
a - Corona                Hex            ####...      1%          1    N/A
b - Ensorcelled Hibernat  Hex/Ice        ###...       6%          2    N/A
c - Confusing Touch       Hex            ####....     3%          3    N/A
d - Tukima's Dance        Hex            ####....     3%          3    N/A

Your spell library contained the following spells:

 Spells                   Type           Power        Failure   Level  Hunger
 Dazzling Flash           Conj/Hex       ###...       12%         3    N/A
 Animate Skeleton         Necr           N/A          16%         1    N/A
 Apportation              Tloc           #.....       16%         1    N/A
 Summon Small Mammal      Summ           #...         16%         1    N/A

Dungeon Overview and Level Annotations

Branches:
Dungeon (5/15)             Temple (0/1) D:4

Altars:
Dithmenos

Annotations:
D:1 1 runed translucent door
D:4 1 exclusion


Innate Abilities, Weirdness & Mutations

You do not eat.
Your natural rate of healing is unusually fast.
You have razor-sharp teeth.
You have supernaturally acute eyesight. (SInv)
You can survive without breathing.


Message History

The hippogriff bites you. The hippogriff pecks you!
The hippogriff closely misses you.
You see here a wand of polymorph (10).
Casting: Ensorcelled Hibernation (safe; 6% risk of failure)
Confirm with . or Enter, or press ? or * to list all spells.
Aiming: Ensorcelled Hibernation (safe; 6% risk of failure)
Press: ? - help, Shift-Dir - straight line, f/p - hippogriff
Aim: a hippogriff (almost dead, chance to defeat MR: 41%)
The hippogriff resists with some effort.
The hippogriff closely misses you.
The hippogriff pecks you but does no damage.
The hippogriff claws you.
You hit the hippogriff.
The hippogriff is almost dead.
You hit the hippogriff but do no damage.
The hippogriff is almost dead.
The hippogriff bites you!
* * * LOW HITPOINT WARNING * * *
The hippogriff pecks you!
You die...

######## #......#
#......# #####
#.....<# #...#
#......# #...#
#......## #...#
#.......###...####
#.......@H/.....[..
#......##.....#....
#......###...## #..
#......# ##..# .
######## #..>.
...... .?..### ..##


You could see a hippogriff.

Vanquished Creatures
  Sigmund (D:3)
  A phantom (D:4)
  Jessica (D:2)
  Ijyb (D:3)
  A worker ant (D:4)
  12 gnolls
  5 adders
  3 oozes (D:3)
  An adder skeleton (D:4)
  A worm (D:2)
  2 dart slugs
  A leopard gecko (D:1)
  7 orcs
  6 giant cockroaches
  8 hobgoblins
  11 jackals
  2 quokkas
  8 bats
  6 frilled lizards
  9 goblins
  7 kobolds
  3 rats (D:1)
97 creatures vanquished.

Vanquished Creatures (others)
  5 toadstools (D:1)
5 creatures vanquished.

Grand Total: 102 creatures vanquished

Notes
Turn   | Place    | Note
-------+----------+-------------------------------------------
     0 | D:1      | kae the Vampire Enchanter began the quest for the Orb.
     0 | D:1      | Reached XP level 1. HP: 13/13 MP: 3/3
     0 | D:1      | Noticed a jelly
     1 | D:1      | Found a runed translucent door.
     1 | D:1      | Noticed a jelly
   418 | D:1      | Reached XP level 2. HP: 3/19 MP: 5/5
   797 | D:1      | Learned a level 2 spell: Ensorcelled Hibernation
   952 | D:1      | Reached XP level 3. HP: 24/24 MP: 6/6
   969 | D:1      | Learned a level 3 spell: Confusing Touch
  1344 | D:2      | Noticed Jessica
  1356 | D:2      | Killed Jessica
  1356 | D:2      | Reached skill level 5 in Stealth
  1356 | D:2      | Reached skill level 5 in Hexes
  1555 | D:2      | Reached XP level 4. HP: 27/30 MP: 7/7
  2359 | D:3      | Reached XP level 5. HP: 31/35 MP: 9/9
  2709 | D:3      | Noticed Ijyb
  2868 | D:3      | Noticed Sigmund
  2873 | D:3      | Killed Sigmund
  2873 | D:3      | Reached XP level 6. HP: 41/41 MP: 10/10
  3230 | D:3      | Killed Ijyb
  3677 | D:4      | Noticed a yak
  3677 | D:4      | Noticed a hippogriff
  3728 | D:4      | Found a shadowy altar of Dithmenos.
  3745 | D:4      | Became a worshipper of Dithmenos the Shadowed
  3810 | D:4      | Learned a level 3 spell: Tukima's Dance
  3854 | D:4      | Reached skill level 5 in Short Blades
  3854 | D:4      | Reached XP level 7. HP: 23/46 MP: 9/12
  3931 | D:4      | Found a staircase to the Ecumenical Temple.
  4506 | D:5      | Entered Level 5 of the Dungeon
  4520 | D:5      | Noticed a hippogriff
  4531 | D:5      | Slain by a hippogriff

Levels and vault maps discovered:
D:1:      dpeg_arrival_caged_fury, layout_basic, minmay_gold_behind_fungi
D:2:      layout_basic, uniq_jessica
D:3:      layout_basic, uniq_sigmund, uniq_ijyb
D:4:      layout_basic, nicolae_dithmenos_the_darkroom,
          minmay_temple_entry_junction, first_ration, lightli_corner_chamber
D:5:      layout_rooms, kennysheep_little_box, feat_on_display, uniq_edmund,
          uniq_eustachio, uniq_pikel

Skill      XL: |  1  2  3  4  5  6 |
---------------+-------------------+-----
Short Blades   | 2 3 4 5 |  5.3
Stealth        | 5 6 |  6.9
Hexes          | 5 6 |  6.6
Spellcasting   | 3 |  3.6
Dodging        | |  2.1

Action                   |  1- 3 |  4- 6 |  7- 9 || total
-------------------------+-------+-------+-------++-------
Melee: Dagger            |   143 |   138 |    15 ||   296
       Bite              |     6 |    14 |     1 ||    21
 Cast: Corona            |     6 |       |       ||     6
       Ensorcelled Hiber |     2 |    29 |     2 ||    33
       Confusing Touch   |       |     2 |       ||     2
  Use: Scroll            |     3 |    10 |     4 ||    17
       Potion            |       |     1 |       ||     1
 Stab: Sleeping          |     7 |    23 |     5 ||    35
       Distracted        |       |     2 |       ||     2
       Confused          |       |     3 |       ||     3
Armor: Robe              |    23 |    14 |     5 ||    42
Dodge: Dodged            |    95 |    69 |     7 ||   171

Table legend:
 A = Non-vault XP
 B = Vault XP
 C = Vault XP percentage of total XP
 D = Non-vault monster count
 E = Vault monster count
 F = Vault count percentage of total count
                 A         B        C        D         E       F
            +---------+---------+-------+---------+---------+-------
      Total |     569 |     293 |  34.0 |      94 |       3 |   3.1
            +---------+---------+-------+---------+---------+-------
        D:1 |      43 |       0 |   0.0 |      26 |       0 |   0.0
        D:2 |     108 |      37 |  25.5 |      24 |       1 |   4.0
        D:3 |     216 |     256 |  54.2 |      33 |       2 |   5.7
        D:4 |     187 |       0 |   0.0 |       9 |       0 |   0.0
        D:5 |      15 |       0 |   0.0 |       2 |       0 |   0.0
            +---------+---------+-------+---------+---------+-------
